Map: Cactus Valley LE (Void)

Players

SterLing - Winner!

  • Race: Zerg Zerg

AgCl

  • Race: Protoss Protoss

VOD

Have the link to the VOD?

Description

Time

  • Played on: May 1, 2015, 6:15 p.m.
  • Length: 5:10
Show
View Real Time Build Order
Export as new Build Order

SterLing Zerg - Winner!

Build Orders: Pool First, Zergling Baneling 

Get SALT Encoding   

  12  0:01  Drone  
  13  0:22  Spawning Pool  
  13  0:25  Extractor  
  13  0:28  Drone  
  12  0:32  Drone  
  13  0:42  Overlord  
  13  0:49  Drone  
  14  1:01  Drone  
  14  1:02  Drone  
  16  1:11  Drone  
  17  1:37  Hatchery  
  16  1:40  Drone  
  17  1:47  Metabolic Boost  
  17  1:52  Drone  
  18  1:56  Drone  
  18  2:00  Zergling x2  
  20  2:05  Drone  
  21  2:16  Overlord  
  21  2:28  Extractor, Queen  
  23  2:41  Zergling x2  
  23  2:42  Zergling x2  
  25  2:48  Zergling x2  
  26  3:10  Zergling x8  
  30  3:13  Baneling Nest  
  29  3:23  Zergling x6  
  29  3:24  Queen  
  34  3:31  Overlord  
  34  3:33  Zergling x2  
  35  3:36  Zergling x2  
  36  3:52  Zergling x2  
  36  3:53  Zergling x6  
  40  3:56  Zergling x2  
  41  4:03  Zergling x2  
  41  4:04  Overlord  
  42  4:14  Zergling x2  
  42  4:15  Zergling x2  
  44  4:17  Baneling  
  44  4:18  Baneling x8  
  44  4:24  Zergling x6  
  44  4:27  Zergling x2  
  44  4:29  Zergling x2  
  49  4:43  Zergling x10  
  47  4:52  Zergling x2  
  47  4:53  Zergling x4  
Show
View Real Time Build Order
Export as new Build Order

AgCl Protoss 

Build Orders: Nexus First 

Get SALT Encoding   

  12  0:02  Probe  
  13  0:15  Probe  
  14  0:21  Pylon  
  14  0:39  Probe  
  15  0:57  Nexus  
  15  0:58  Probe (Chrono Boost)  
  16  1:08  Probe (Chrono Boost)  
  17  1:15  Probe  
  18  1:29  Probe, Assimilator  
  18  1:30  Gateway  
  19  1:46  Forge  
  19  1:49  Pylon  
  19  1:50  Probe (Chrono Boost)  
  21  2:02  Probe (Chrono Boost)  
  21  2:11  Probe (Chrono Boost)  
  21  2:13  Probe (Chrono Boost)  
  23  2:18  Probe (Chrono Boost)  
  23  2:21  Probe (Chrono Boost)  
  25  2:25  Photon Cannon  
  25  2:27  Pylon  
  25  2:28  Probe (Chrono Boost)  
  26  2:37  Pylon  
  26  2:44  Probe (Chrono Boost)  
  28  2:45  Probe (Chrono Boost)  
  29  2:51  Probe (Chrono Boost)  
  29  2:57  Probe  
  30  2:58  Cybernetics Core  
  30  3:02  Probe (Chrono Boost)  
  30  3:03  Zealot (Chrono Boost)  
  33  3:09  Pylon  
  33  3:12  Probe (Chrono Boost)  
  33  3:14  Probe (Chrono Boost)  
  34  3:23  Zealot (Chrono Boost)  
  34  3:24  Probe (Chrono Boost)  
  34  3:26  Probe (Chrono Boost)  
  38  3:29  Assimilator  
  38  3:32  Assimilator  
  39  3:37  Probe (Chrono Boost)  
  39  3:39  Probe (Chrono Boost)  
  40  3:43  Adept  
  40  3:44  Probe (Chrono Boost), Assimilator  
  44  3:49  Probe (Chrono Boost)  
  44  3:54  Mothership Core (Chrono Boost)  
  46  4:00  Probe (Chrono Boost)  
  46  4:02  Pylon  
  47  4:08  Probe  
  47  4:09  Probe  
  49  4:11  Pylon  
  49  4:21  Probe (Chrono Boost)  
  49  4:23  Probe (Chrono Boost)  
  51  4:25  Stargate  
  51  4:33  Probe (Chrono Boost)  
  51  4:37  Probe (Chrono Boost)  
  53  4:40  Probe (Chrono Boost)  
  53  4:44  Probe  
  53  4:48  Photon Cannon  
  53  4:50  Probe  
  52  4:57  Probe  
Tags
 
Add a new tag
Caveats
  • Supply blocks, unpowered buildings, or Contaminate may cause inaccurate times.
  • Supply counts are checked every 10 seconds.